 Dungeon Crawl Stone Soup version 0.30.0-29-ga12c61a403 (webtiles) character file.

Game seed: 14290528839224687958

209 qw the Chopper (level 5, -2/33 HPs)
             Began as a Gargoyle Fighter on June 4, 2023.
             Slain by a bullfrog (3 damage)
             ... in a sewer.
             The game lasted 00:01:39 (2710 turns).

qw the Chopper (Gargoyle Fighter)                   Turns: 2710, Time: 00:01:39

Health: -2/33      AC: 16    Str: 22    XL:     5   Next: 87%
Magic:  0/5        EV:  3    Int:  8    God:
Gold:   38         SH:  4    Dex:  9    Spells: 4/4 levels left

rFire   + . .        Y - +0 war axe
rCold   . . .        c - +0 buckler
rNeg    + . .        q - +0 plate armour
rPois   inf          (no helmet)
rElec   +            (no cloak)
rCorr   .            (no gloves)
SInv    .            o - +0 pair of boots
Will    .....        i - amulet of guardian spirit Stlth
                     e - ring of protection from fire
HPRegen 0.25/turn    (no ring)
MPRegen 0.09/turn

%: guardian spirit
@: about to teleport, constricted, very slow
A: sickness immunity, AC +4, negative energy resistance 1, electricity
resistance, torment resistance 1, petrification resistance
a: no special abilities


You were in a sewer.
You visited 1 branch of the dungeon, and saw 3 of its levels.
You also visited: Sewer.

You collected 135 gold pieces.
You spent 97 gold pieces at shops.


Innate Abilities, Weirdness & Mutations

You are immune to sickness and miasma.
Your stone body is resilient. (AC +4)
You are immune to poison.
You resist negative energy. (rN+)
You are resistant to electric shocks. (rElec)
You are resistant to unholy torment.
You are immune to petrification.


   Skills:
 - Level 4.0 Fighting
 + Level 5.0 Axes
 - Level 3.2 Armour
 - Level 3.2 Shields


You had 4 spell levels left.
You didn't know any spells.
Your spell library was empty.

Inventory:

Hand Weapons
 b - a +0 mace
 Y - a +0 war axe (weapon)
Armour
 c - a +0 buckler (worn)
 o - a +0 pair of boots (worn)
 q - a +0 plate armour (worn)
Jewellery
 e - a ring of protection from fire (left hand)
 i - an amulet of guardian spirit (around neck)
 n - an amulet of the acrobat
Scrolls
 a - a scroll of identify
 g - 2 scrolls of brand weapon {unknown}
 r - a scroll of teleportation
 s - a scroll of enchant armour {unknown}
 t - a scroll of blinking {unknown}
Potions
 d - a potion of might
 f - a potion of curing
 h - a potion of attraction
 j - a potion of haste
 k - a potion of flight {unknown}
 l - a potion of cancellation {unknown}
 m - a potion of magic {unknown}
 p - a potion of brilliance {unknown}

Dungeon Overview and Level Annotations

Branches:
Dungeon (3/15)              Sewer (1/1)

Altars:

Shops:
D:2 *


Message History

The ball python bites you but does no damage.
The ball python constricts you. The bullfrog hits you.
The bullfrog hits you but does no damage.
The adder bites you but does no damage. You block the adder's attack.
The ball python bites you. The ball python constricts you.
The bullfrog hits you. You block the bullfrog's attack.
You slash the ball python!
You kill the ball python!
You slash the bullfrog! You hit the adder but do no damage.
You barely miss the bullfrog. You miss the adder. The bullfrog hits you!
The bullfrog completely misses you. The adder bites you.
The adder barely misses you.
The ball python bites you but does no damage.
The ball python grabs you. The ball python constricts you.
The bullfrog hits you but does no damage.
The bullfrog hits you. The adder bites you but does no damage.
2708 ||| READING 2 scrolls of teleportation.
As you read the scroll of teleportation, it crumbles to dust.
You feel strangely unstable. The adder bites you but does no damage.
The ball python bites you but does no damage.
The ball python constricts you.
The bullfrog hits you but does no damage. x2
The adder bites you but does no damage. The adder bites you.
The ball python bites you but does no damage.
The ball python constricts you.
You hit the ball python.
The ball python is severely wounded.
You closely miss the adder. You closely miss the bullfrog. You hit the adder.
You closely miss the bullfrog.
The bullfrog hits you but does no damage.
The bullfrog barely misses you. You block the adder's attack.
The adder bites you but does no damage.
The ball python bites you but does no damage.
The ball python constricts you.
The bullfrog hits you but does no damage.
The bullfrog barely misses you. The adder bites you but does no damage.
Your unstable footing causes you to fumble your attack.
The adder bites you but does no damage. The bullfrog hits you. x2
You die...

###################
###.#~~~~~~~~~~~~~~~#..
##...~~~~~~#~..~FF~~~~..
#....~~~~~~~~~~~@S~~~~..
#....~~~~~~~~~~~SS~~#~..
#....%~~~~~~~~~~~~~~~~..
.....#~~~~~~~~~~~~~~~...
....####################
...#### ...#..# ...'..#
..#####


You could see 2 bullfrogs, 2 adders and a ball python.

Vanquished Creatures
  An orc priest (D:2)
  5 adders
  3 river rats (Sewer)
  2 dart slugs (D:2)
  6 orcs
  13 ball pythons
  5 endoplasms
  8 goblins
  9 hobgoblins
  7 jackals
  4 kobolds
  5 quokkas
  4 bats
  7 frilled lizards
  21 rats
100 creatures vanquished.

Notes
Turn   | Place    | Note
-------+----------+-------------------------------------------
     0 | D:1      | qw the Gargoyle Fighter began the quest for the Orb.
     0 | D:1      | Reached XP level 1. HP: 14/14 MP: 1/1
     0 | D:1      | 0 ||| qw: Version: 0.2-a-107-g4668610
     0 | D:1      | 0 ||| qw: Game counter: 1247
     0 | D:1      | 0 ||| qw: Always use a shield: true
     0 | D:1      | 0 ||| qw: God list: Okawaru
     0 | D:1      | 0 ||| qw: Allow faded altars: false
     0 | D:1      | 0 ||| qw: Do Orc after D:15 true
     0 | D:1      | 0 ||| qw: Do second Lair branch before Depths: true
     0 | D:1      | 0 ||| qw: Lair rune preference: random
     0 | D:1      | 0 ||| qw: Plans: Normal, Zot:1-4, Slime:5, God:TSO, Crypt,
                  | Tomb, Abyss, Pan, Hells, Win
     0 | D:1      | 0 ||| PLANNING D:1-11
    60 | D:1      | Found Vizo's Book Boutique.
    64 | D:1      | 64 ||| Stepping ~*~*~tactically~*~*~ (hiding).
    70 | D:1      | 70 ||| Stepping ~*~*~tactically~*~*~ (hiding).
    75 | D:1      | Reached skill level 2 in Axes
   332 | D:1      | Reached XP level 2. HP: 19/19 MP: 2/2
   458 | D:1      | 458 ||| Stepping ~*~*~tactically~*~*~ (stealth).
   459 | D:1      | 459 ||| Stepping ~*~*~tactically~*~*~ (stealth).
   957 | D:1      | Reached skill level 3 in Axes
  1043 | D:1      | 1043 ||| UPGRADING to +0 chain mail.
  1053 | D:1      | 1053 ||| DROPPING +0 scale mail.
  1054 | D:1      | 1054 ||| UPGRADING to +0 pair of boots.
  1059 | D:1      | 1059 ||| UPGRADING to amulet of guardian spirit.
  1064 | D:1      | 1064 ||| READING scroll labelled XEUTTA NUCOKH.
  1065 | D:1      | 1065 ||| READING scroll labelled RITIKKUEHA.
  1066 | D:1      | 1066 ||| READING scroll labelled FOREMO KADE.
  1152 | D:2      | 1152 ||| Stepping ~*~*~tactically~*~*~ (stealth).
  1153 | D:2      | 1153 ||| Stepping ~*~*~tactically~*~*~ (stealth).
  1163 | D:2      | Reached XP level 3. HP: 23/23 MP: 3/3
  1242 | D:2      | Reached XP level 4. HP: 28/28 MP: 4/4
  1305 | D:2      | 1305 ||| DROPPING +0 club.
  1324 | D:2      | 1324 ||| Stepping ~*~*~tactically~*~*~ (stealth).
  1338 | D:2      | 1338 ||| Stepping ~*~*~tactically~*~*~ (hiding).
  1347 | D:2      | Reached skill level 4 in Axes
  1520 | D:2      | Found Susaesm's Assorted Antiques.
  1525 | D:2      | 1525 ||| BUYING fuming sapphire potion (22 gold).
  1525 | D:2      | Bought a fuming sapphire potion for 22 gold pieces
  1525 | D:2      | 1525 ||| SHOPLISTING glowing ring mail (175 gold, have 84).
  1525 | D:2      | 1525 ||| BUYING scroll labelled PIHUQI YHAASMO (25 gold).
  1525 | D:2      | Bought a scroll labelled PIHUQI YHAASMO for 25 gold pieces
  1525 | D:2      | 1525 ||| BUYING scroll of identify (50 gold).
  1525 | D:2      | Bought a scroll of identify for 50 gold pieces
  1525 | D:2      | 1525 ||| SHOPLISTING shiny plate armour (650 gold, have 9).
  1525 | D:2      | 1525 ||| SHOPLISTING smoky emerald potion (22 gold, have
                  | 9).
  1597 | D:2      | Identified the +1 sling of Wiejeadd {heavy, rC+ rN+ Int+3}
  1602 | D:2      | 1602 ||| Stepping ~*~*~tactically~*~*~ (stealth).
  1603 | D:2      | 1603 ||| Stepping ~*~*~tactically~*~*~ (stealth).
  1611 | D:2      | 1611 ||| Stepping ~*~*~tactically~*~*~ (stealth).
  1619 | D:2      | 1619 ||| Stepping ~*~*~tactically~*~*~ (stealth).
  1932 | D:2      | 1932 ||| UPGRADING to +0 plate armour.
  1942 | D:2      | 1942 ||| DROPPING +0 chain mail.
  1943 | D:2      | 1943 ||| READING scroll labelled QAUNKA GEUS.
  1946 | D:2      | 1946 ||| READING scroll labelled PIHUQI YHAASMO.
  1947 | D:2      | 1947 ||| DRINKING 2 smoky emerald potions.
  1948 | D:2      | 1948 ||| READING 3 scrolls of identify.
  1948 | D:2      | 1948 ||| IDENTIFYING fuming sapphire potion
  1949 | D:2      | 1949 ||| READING 2 scrolls of identify.
  1949 | D:2      | 1949 ||| IDENTIFYING inky potion
  1972 | D:3      | 1972 ||| PLANNING SEWER
  1991 | D:3      | Reached XP level 5. HP: 32/32 MP: 5/5
  2002 | D:3      | 2002 ||| Stepping ~*~*~tactically~*~*~ (stealth).
  2145 | D:3      | Found a faded altar of an unknown god.
  2146 | D:3      | 2146 ||| UPGRADING to ring of protection from fire.
  2380 | D:3      | Found a glowing drain.
  2381 | D:3      | 2381 ||| READING scroll labelled GAMY VEAPT.
  2390 | Sewer    | Entered a sewer
  2434 | Sewer    | Reached skill level 5 in Axes
  2435 | Sewer    | 2435 ||| Stepping ~*~*~tactically~*~*~ (water).
  2634 | Sewer    | 2634 ||| Stepping ~*~*~tactically~*~*~ (stealth).
  2636 | Sewer    | 2636 ||| Stepping ~*~*~tactically~*~*~ (stealth).
  2707 | Sewer    | HP: 6/33 [bullfrog (6)]
  2708 | Sewer    | 2708 ||| READING 2 scrolls of teleportation.
  2708 | Sewer    | HP: 1/33 [adder (2)]
  2710 | Sewer    | Slain by a bullfrog

Levels and vault maps discovered:
D:1:      amcnicky_arrival_flooded_fountain, layout_basic, serial_shops, shop
D:2:      layout_loops_ring, serial_shops, nicolae_shop_real_fake_doors,
          hex_medium, hangedman_abyss_or_decor_stabs, nicolae_eternal_life,
          hex_large
D:3:      layout_loops_cross, shapermc_ecumenical_altar_starsandcircs,
          portal_sewer_entry_f, uniq_crazy_yiuf_cottage
Sewer:    sewer_minmay_w

Skill      XL: |  1  2  3  4  5 |
---------------+----------------+-----
Axes           | 2 3 4 5 |  5.0
Fighting       | 4 |  4.0
Armour         | |  3.2
Shields        | |  3.2

Action                     |  1- 3 |  4- 6 || total
---------------------------+-------+-------++-------
  Melee: War axe           |    94 |   216 ||   310
  Throw: Boomerang         |     7 |    29 ||    36
    Use: Scroll            |     3 |     6 ||     9
         Potion            |       |     1 ||     1
 Armour: Scale mail        |    20 |       ||    20
         Chain mail        |    27 |    25 ||    52
         Plate armour      |       |   175 ||   175
  Dodge: Dodged            |    41 |    98 ||   139
  Block: Buckler           |    18 |    50 ||    68

Table legend:
 A = Non-vault XP
 B = Vault XP
 C = Vault XP percentage of total XP
 D = Non-vault monster count
 E = Vault monster count
 F = Vault count percentage of total count
                 A         B        C        D         E       F
            +---------+---------+-------+---------+---------+-------
      Total |     196 |     103 |  34.4 |      64 |      36 |  36.0
            +---------+---------+-------+---------+---------+-------
        D:1 |      30 |       0 |   0.0 |      18 |       0 |   0.0
        D:2 |     132 |       0 |   0.0 |      29 |       0 |   0.0
        D:3 |      34 |       4 |  10.5 |      17 |       2 |  10.5
      Sewer |       0 |      99 | 100.0 |       0 |      34 | 100.0
            +---------+---------+-------+---------+---------+-------
